 Dungeon Crawl Stone Soup version 0.31-a0-267-g3fc6992b3b (webtiles) character file.

Game seed: 16079824065581674552

616 qw the Shooter (level 7, -1/61 HPs)
             Began as a Minotaur Hexslinger on July 13, 2023.
             Slain by a gnoll
             ... wielding a +0 spear
              (2 damage)
             ... on level 5 of the Dungeon.
             The game lasted 00:01:31 (3362 turns).

qw the Shooter (Minotaur Hexslinger)                Turns: 3362, Time: 00:01:31

Health: -1/61      AC:  7    Str: 12    XL:     7   Next: 21%
Magic:  7/7        EV: 11    Int: 10    God:
Gold:   1407       SH:  0    Dex: 15    Spells: 7/8 levels left

rFire   . . .        Y - +1 sling
rCold   + + .        (no shield)
rNeg    . . .        b - +0 ring mail
rPois   .            (helmet restricted)
rElec   .            h - +0 cloak of Riumym {rC++}
rCorr   .            g - +0 pair of gloves
SInv    .            (no boots)
Will    .....        (no amulet)
Stlth   +            (no ring)
HPRegen 0.30/turn    (no ring)
MPRegen 0.10/turn

%: no passive effects
@: no status effects
A: horns 2, retaliatory headbutt
a: no special abilities


You were on level 5 of the Dungeon.
You visited 1 branch of the dungeon, and saw 6 of its levels.

You collected 1461 gold pieces.
You spent 54 gold pieces at shops.


Innate Abilities, Weirdness & Mutations

You have a pair of horns on your head.
You reflexively headbutt those who attack you in melee.


   Skills:
 - Level 5.6 Fighting
 - Level 7.0 Ranged Weapons
 + Level 1.2 Armour
 - Level 2.1 Dodging
 - Level 1.0 Spellcasting
 - Level 2.0 Hexes


You had 7 spell levels left.
You knew the following spells:

 Your Spells              Type           Power      Damage    Failure   Level
a - Slow                  Hex            16%        N/A       34%         1

Your spell library contained the following spells:

 Spells                   Type           Power      Damage    Failure   Level
 Inner Flame              Hex/Fire       2%         N/A       83%         3
 Portal Projectile        Hex/Tloc       4%         N/A       83%         3
 Cause Fear               Hex            2%         N/A       98%         4

Inventory:

Hand Weapons
 Y - a +1 sling (weapon)
Armour
 b - a +0 ring mail (worn)
 g - a +0 pair of gloves (worn)
 h - the +0 cloak of Riumym (worn) {rC++}
   (You found it on level 2 of the Dungeon)

   rC:        It greatly protects you from cold.
Scrolls
 e - a scroll of identify
Potions
 a - 2 potions of enlightenment
 c - a potion of lignification {unknown}
 d - a potion of haste
 f - a potion of curing
 i - a potion of magic {unknown}

Dungeon Overview and Level Annotations

Branches:
Dungeon (6/15)
 Temple: D:4-7

Altars:

Shops:
D:2 [


Message History

You kill the adder!
You feel sick.
You are no longer poisoned.
The gnoll hits you but does no damage.
The gnoll hits you from afar with a +0 spear.
You shoot a sling bullet. The sling bullet hits the gnoll.
The gnoll is moderately wounded.
You hear a shout!
The gnoll hits you from afar with a +0 spear.
A gnoll comes into view. It is wielding a +0 spear.
You shoot a sling bullet. The sling bullet hits the gnoll.
The gnoll is heavily wounded.
The gnoll hits you from afar with a +0 spear.
The gnoll throws a throwing net.
The throwing net hits you.
You become entangled in the net!
You struggle against the net.
The gnoll barely misses you.
You struggle against the net.
The gnoll hits you from afar with a +0 spear.
The gnoll hits you from afar with a +0 spear!
You struggle against the net.
The gnoll hits you from afar with a +0 spear. x2
You struggle against the net.
The gnoll hits you from afar with a +0 spear. x2
You shred the net and break free!
The gnoll throws a throwing net.
The throwing net hits you.
You become entangled in the net!
The gnoll hits you but does no damage.
You struggle against the net.
The gnoll hits you but does no damage. x2
You struggle against the net.
The gnoll hits you but does no damage.
The gnoll hits you from afar with a +0 spear.
You struggle against the net.
The gnoll hits you but does no damage. The gnoll barely misses you.
You struggle against the net.
The gnoll hits you from afar with a +0 spear.
The gnoll hits you but does no damage.
You rip the net and break free!
The gnoll hits you from afar with a +0 spear.
You die...

#########
......>.###########
.######...........###
#.)@.g............<.
#g##############.###
#. #.# g. #.#


g#S #.# .... #.# .. .. #.# ... .# #.# #.# You could see 2 gnolls.

Vanquished Creatures
  Grinder (D:3)
  An ice beast (D:5)
  An orc priest (D:3)
  2 iguanas
  2 sleepcaps (D:4)
  An orc wizard (D:3)
  2 gnolls (D:5)
  3 adders
  An ufetubus (D:4)
  2 worms
  4 dart slugs
  9 orcs
  5 endoplasms
  7 giant cockroaches
  4 goblins (D:1)
  7 hobgoblins
  6 jackals
  5 kobolds
  3 quokkas
  7 ball pythons
  6 bats
  4 frilled lizards
  4 rats
87 creatures vanquished.

Notes
Turn   | Place    | Note
-------+----------+-------------------------------------------
     0 | D:1      | qw the Minotaur Hexslinger began the quest for the Orb.
     0 | D:1      | Reached XP level 1. HP: 16/16 MP: 1/1
     0 | D:1      | 0 ||| qw: Version: 0.3-a-52-g30416fa
     0 | D:1      | 0 ||| qw: Game counter: 7721
     0 | D:1      | 0 ||| qw: Melee chars always use a shield: true
     0 | D:1      | 0 ||| qw: God list: Okawaru
     0 | D:1      | 0 ||| qw: Allow faded altars: false
     0 | D:1      | 0 ||| qw: Do Orc after clearing Dungeon:15 true
     0 | D:1      | 0 ||| qw: Do second Lair branch before Depths: true
     0 | D:1      | 0 ||| qw: Lair rune preference: random
     0 | D:1      | 0 ||| qw: Goals: Normal
     0 | D:1      | 0 ||| PLANNING D:1-11
    47 | D:1      | Reached skill level 3 in Ranged Weapons
    50 | D:1      | Reached XP level 2. HP: 20/23 MP: 2/2
   411 | D:1      | Found a faded altar of an unknown god.
   412 | D:1      | Noticed an eye of devastation
   415 | D:1      | 415 ||| DROPPING ring of magical power.
   416 | D:1      | 416 ||| READING scroll labelled SIMIEB USEOH.
   418 | D:1      | Noticed a floating eye
   418 | D:1      | Noticed an eye of devastation
   418 | D:1      | Noticed a floating eye
   420 | D:1      | Reached XP level 3. HP: 29/29 MP: 3/3
   440 | D:1      | 440 ||| DROPPING scroll of poison.
   554 | D:2      | Found Lafug's Armour Shoppe.
   559 | D:2      | 559 ||| BUYING +0 pair of gloves (54 gold).
   559 | D:2      | Bought a +0 pair of gloves for 54 gold pieces
   559 | D:2      | 559 ||| SHOPLISTING +0 troll leather armour (180 gold, have
                  | 12).
   559 | D:2      | 559 ||| SHOPLISTING +2 leather armour of cold resistance
                  | (228 gold, have 12).
   559 | D:2      | 559 ||| SHOPLISTING +2 pair of boots (198 gold, have 12).
   559 | D:2      | 559 ||| SHOPLISTING +4 ring mail (312 gold, have 12).
   628 | D:2      | 628 ||| FLEEEEING.
   629 | D:2      | 629 ||| FLEEEEING.
   630 | D:2      | 630 ||| FLEEEEING.
   695 | D:2      | 695 ||| FLEEEEING.
   696 | D:2      | 696 ||| FLEEEEING.
   699 | D:2      | 699 ||| FLEEEEING.
   700 | D:2      | 700 ||| FLEEEEING.
   701 | D:2      | 701 ||| FLEEEEING.
   702 | D:2      | 702 ||| FLEEEEING.
   703 | D:2      | 703 ||| FLEEEEING.
   757 | D:2      | Identified the +0 cloak of Riumym {rC++}
  1014 | D:2      | Reached skill level 4 in Ranged Weapons
  1309 | D:2      | 1309 ||| UPGRADING to +0 ring mail.
  1319 | D:2      | 1319 ||| DROPPING +0 robe.
  1320 | D:2      | 1320 ||| UPGRADING to +0 pair of gloves.
  1325 | D:2      | 1325 ||| UPGRADING to +0 cloak of Riumym {rC++}.
  1330 | D:2      | 1330 ||| READING scroll labelled XAUCAKUIPA.
  1331 | D:2      | 1331 ||| DRINKING 3 smoky sapphire potions.
  1332 | D:2      | 1332 ||| DRINKING 2 clear potions.
  1333 | D:2      | 1333 ||| DROPPING potion of brilliance.
  1392 | D:3      | Identified the scarf "Gumoaphenli" {+Inv, Int+2}
  1448 | D:3      | Reached skill level 1 in Armour
  1448 | D:3      | You fall into a shaft and drop 3 floors!
  1492 | D:6      | 1492 ||| DROPPING scarf "Gumoaphenli" {+Inv, Int+2}.
  1493 | D:6      | 1493 ||| READING scroll labelled NAL ONIURHILYL.
  1494 | D:6      | 1494 ||| DRINKING 2 emerald potions.
  1502 | D:5      | Entered Level 5 of the Dungeon
  1503 | D:5      | Noticed an ice beast
  1519 | D:5      | Killed an ice beast
  1520 | D:5      | Reached skill level 5 in Ranged Weapons
  1520 | D:5      | Reached XP level 4. HP: 22/36 MP: 4/4
  1520 | D:5      | Reached XP level 5. HP: 25/41 MP: 5/5
  1611 | D:5      | 1611 ||| READING scroll labelled BELA BIXKIWK.
  1620 | D:4      | 1620 ||| FLEEEEING.
  1621 | D:4      | 1621 ||| FLEEEEING.
  1622 | D:4      | 1622 ||| FLEEEEING.
  1623 | D:4      | 1623 ||| FLEEEEING.
  1624 | D:4      | 1624 ||| FLEEEEING.
  1625 | D:4      | 1625 ||| STAIRDANCE
  1768 | D:3      | Noticed Grinder
  1773 | D:3      | Paralysed by Grinder for 5 turns
  1788 | D:3      | HP: 6/44 [Grinder/nerve-wracking pain (9)]
  1789 | D:3      | 1789 ||| DRINKING potion of heal wounds.
  1802 | D:3      | Killed Grinder
  1803 | D:3      | Reached XP level 6. HP: 36/56 MP: 6/6
  2260 | D:3      | Reached skill level 6 in Ranged Weapons
  2370 | D:3      | 2370 ||| READING scroll labelled HYM IBUNIM.
  2370 | D:3      | Identified a scroll of acquirement
  2370 | D:3      | 2370 ||| ACQUIRING 1275 gold pieces
  2370 | D:3      | Acquired 1275 gold pieces
  2372 | D:3      | 2372 ||| READING 3 scrolls labelled VAMOMO BUAN.
  2373 | D:3      | 2373 ||| READING scroll labelled QOKILA LEFI.
  2374 | D:3      | 2374 ||| READING scroll labelled OMODDIUGHE.
  2375 | D:3      | 2375 ||| READING scroll labelled ZUHODD NOBUNAT.
  2476 | D:3      | 2476 ||| DRINKING 2 murky yellow potions.
  2477 | D:3      | 2477 ||| READING 2 scrolls of identify.
  2477 | D:3      | 2477 ||| IDENTIFYING sedimented silvery potion
  2478 | D:3      | 2478 ||| DROPPING potion of invisibility.
  2818 | D:4      | Reached XP level 7. HP: 61/61 MP: 7/7
  3196 | D:4      | 3196 ||| DRINKING 2 fizzy brown potions.
  3335 | D:5      | 3335 ||| Stepping ~*~*~tactically~*~*~ (outnumbered).
  3338 | D:5      | 3338 ||| Stepping ~*~*~tactically~*~*~ (outnumbered).
  3345 | D:5      | Reached skill level 7 in Ranged Weapons
  3356 | D:5      | HP: 12/61 [gnoll/+0 spear (6)]
  3359 | D:5      | HP: 4/61 [gnoll/+0 spear (5)]
  3361 | D:5      | HP: 1/61 [gnoll/+0 spear (4)]
  3362 | D:5      | Slain by a gnoll

Levels and vault maps discovered:
D:1:      saegor_arrival_miasma, layout_rooms,
          hellmonk_ecumenical_altar_watching_god, st_stairs_14
D:2:      layout_basic, serial_shops, shop
D:3:      layout_basic, uniq_grinder
D:4:      layout_basic
D:5:      layout_loops_ring, serial_shops, nicolae_square_shop, minivault_5,
          hangedman_minor_gate_pass
D:6:      layout_basic, minmay_temple_entry_large_hall, uniq_sigmund,
          uniq_duvessa

Skill      XL: |  1  2  3  4  5  6  7 |
---------------+----------------------+-----
Ranged Weapons | 3 5 6 7 |  7.0
Fighting       | 2 5 |  5.6
Armour         | 1 |  1.2
Dodging        | |  2.1
Spellcasting   | |  1.0
Hexes          | |  2.0

Action                     |  1- 3 |  4- 6 |  7- 9 || total
---------------------------+-------+-------+-------++-------
   Fire: Sling             |   130 |   150 |    63 ||   343
    Use: Scroll            |     3 |     7 |       ||    10
         Potion            |     3 |     2 |     1 ||     6
 Armour: Robe              |     5 |       |       ||     5
         Ring mail         |     8 |    23 |    18 ||    49
  Dodge: Dodged            |    31 |    49 |    31 ||   111

Table legend:
 A = Non-vault XP
 B = Vault XP
 C = Vault XP percentage of total XP
 D = Non-vault monster count
 E = Vault monster count
 F = Vault count percentage of total count
                 A         B        C        D         E       F
            +---------+---------+-------+---------+---------+-------
      Total |     586 |     294 |  33.4 |      84 |       3 |   3.4
            +---------+---------+-------+---------+---------+-------
        D:1 |      37 |       4 |   9.8 |      21 |       2 |   8.7
        D:2 |      37 |       0 |   0.0 |      16 |       0 |   0.0
        D:3 |     135 |     290 |  68.2 |      22 |       1 |   4.3
        D:4 |     168 |       0 |   0.0 |      20 |       0 |   0.0
        D:5 |     209 |       0 |   0.0 |       5 |       0 |   0.0
            +---------+---------+-------+---------+---------+-------
